Map: Oxide LE

Players

Geralt (Gerald)

  • Race: Protoss Protoss
  • League: Grandmaster
  • Spawn Location: 1:00

Lambo - Winner!

  • Race: Zerg Zerg
  • League: Grandmaster
  • Spawn Location: 7:00

Event: StayAtHome Story Cup #3

VOD

Have the link to the VOD?

Description

Time

  • Played on: March 11, 2021, 8:09 a.m.
  • Length: 9:37

All games in this series

Show
View Real Time Build Order
Export as new Build Order

Geralt Protoss 

Build Orders: 1 Gate Expand, Double Forge, Zealot Archon, Archon Drop, Dark Templar Rush 

Get SALT Encoding   

  12  0:00  Probe  
  13  0:12  Probe  
  14  0:19  Pylon  
  14  0:24  Probe  
  15  0:37  Probe (Chrono Boost)  
  15  0:40  Gateway  
  16  0:46  Probe (Chrono Boost), Assimilator  
  17  0:51  Probe  
  18  1:03  Probe  
  19  1:15  Probe  
  20  1:24  Nexus  
  20  1:34  Cybernetics Core  
  20  1:37  Probe  
  21  1:44  Assimilator  
  21  1:49  Probe  
  22  1:54  Pylon  
  22  2:01  Probe  
  23  2:09  Stalker (Chrono Boost)  
  23  2:13  Probe  
  26  2:21  Twilight Council  
  26  2:24  Warp Gate  
  26  2:25  Probe  
  26  2:29  Adept (Chrono Boost)  
  27  2:36  Probe  
  30  2:37  Probe  
  31  2:48  Probe  
  31  2:49  Probe  
  31  2:50  Robotics Facility  
  33  2:56  Adept  
  35  3:00  Probe  
  35  3:02  Probe  
  37  3:13  Probe  
  37  3:14  Probe  
  39  3:21  Pylon  
  39  3:22  Dark Shrine  
  39  3:26  Probe (Chrono Boost)  
  41  3:30  Probe (Chrono Boost)  
  41  3:33  Gateway  
  41  3:35  Probe (Chrono Boost)  
  41  3:39  Probe (Chrono Boost), Warp Prism (Chrono Boost)  
  41  3:40  Probe (Chrono Boost)  
  46  3:53  Gateway  
  46  3:55  Gateway  
  46  3:56  Probe  
  46  4:01  Assimilator  
  47  4:03  Assimilator  
  47  4:07  Probe  
  47  4:08  Pylon  
  48  4:23  Probe  
  49  4:28  Probe  
  48  4:35  Dark Templar x2  
  48  4:37  Probe  
  53  4:38  Pylon  
  53  4:40  Probe  
  54  4:45  Forge  
  54  4:49  Probe  
  54  4:52  Probe  
  56  4:54  Forge  
  56  4:57  Dark Templar x2  
  60  5:01  Probe  
  60  5:05  Archon  
  62  5:10  Immortal  
  63  5:19  Dark Templar  
  63  5:22  Nexus  
  63  5:23  Pylon  
  63  5:26  Dark Templar  
  65  5:30  Protoss Ground Weapons Level 1 (Chrono Boost)  
  65  5:40  Probe x2, Gateway  
  65  5:42  Gateway, Dark Templar  
  67  5:45  Shield Battery  
  69  5:53  Robotics Bay  
  69  5:55  Archon  
  69  5:57  Archon  
  69  5:59  Probe x2  
  71  6:07  Stalker x2  
  76  6:11  Probe  
  76  6:12  Probe  
  76  6:15  Observer  
  78  6:27  Shield Battery  
  78  6:28  Pylon  
  78  6:34  Probe  
  78  6:35  Stalker x3  
  78  6:37  Disruptor (Chrono Boost)  
  78  6:38  Probe  
  78  6:39  Probe  
  87  6:46  Probe  
  91  6:47  Gravitic Drive (Chrono Boost)  
  91  6:50  Probe  
  91  6:51  Probe  
  91  6:53  Assimilator  
  93  6:57  Assimilator  
  93  6:58  Probe  
  94  7:02  Pylon  
  94  7:03  Probe, Stalker x3  
  101  7:11  Pylon  
  101  7:12  Pylon  
  101  7:19  Disruptor (Chrono Boost)  
  101  7:20  Probe  
  101  7:21  Pylon  
  105  7:25  Gateway  
  105  7:26  Gateway  
  105  7:28  Gateway  
  105  7:29  Probe  
  106  7:33  Stalker x2  
  106  7:34  Stalker x2  
  112  7:46  Disruptor (Chrono Boost)  
  115  7:51  Probe  
  116  8:03  Probe  
  117  8:07  Stalker x6  
  117  8:08  Probe  
  117  8:10  Pylon x2  
  130  8:17  Probe  
  130  8:19  Pylon  
  130  8:31  Stalker x4  
  138  8:38  Probe  
  138  8:41  Disruptor  
  142  8:55  Pylon, Nexus  
  142  8:57  Stalker x2  
  142  8:58  Zealot  
  142  8:59  Stalker x3  
  149  9:07  Stalker x2  
  133  9:13  Stalker  
  112  9:26  Stalker  
  112  9:27  Stalker x4  
Show
View Real Time Build Order
Export as new Build Order

Lambo Zerg - Winner!

Build Orders: Hatch First 

Get SALT Encoding   

  12  0:00  Drone  
  13  0:12  Overlord  
  13  0:17  Drone  
  14  0:30  Drone x2  
  16  0:47  Hatchery  
  15  0:50  Drone  
  15  0:54  Drone  
  17  0:57  Drone  
  18  1:07  Extractor  
  17  1:12  Spawning Pool  
  17  1:15  Drone  
  17  1:18  Drone  
  18  1:29  Drone  
  19  1:38  Drone  
  20  1:52  Drone  
  21  1:59  Queen x2  
  21  2:00  Zergling x2, Overlord  
  26  2:10  Zergling x2  
  26  2:11  Drone  
  26  2:12  Metabolic Boost  
  28  2:22  Drone x2  
  30  2:32  Drone  
  30  2:36  Hatchery  
  30  2:41  Drone  
  30  2:42  Drone  
  32  2:46  Overlord  
  32  2:51  Queen  
  32  2:54  Drone  
  32  2:56  Drone  
  36  3:04  Queen  
  38  3:07  Overlord  
  38  3:10  Zergling x2  
  38  3:11  Zergling x2  
  40  3:15  Drone  
  40  3:17  Drone  
  40  3:18  Drone  
  44  3:20  Drone  
  44  3:28  Drone, Queen  
  44  3:32  Drone  
  48  3:37  Overlord  
  48  3:40  Drone x3  
  50  3:49  Zergling x4  
  50  3:50  Zergling x2  
  50  3:53  Drone  
  54  3:58  Roach Warren, Overlord  
  54  4:01  Drone x4  
  57  4:07  Drone, Queen  
  60  4:15  Drone  
  60  4:16  Drone  
  62  4:20  Drone x3  
  62  4:21  Drone  
  62  4:23  Drone x2  
  66  4:24  Spore Crawler  
  66  4:25  Spore Crawler  
  66  4:26  Spore Crawler  
  63  4:34  Zergling x6  
  63  4:36  Zergling x6  
  69  4:41  Extractor  
  69  4:43  Zergling x2  
  69  4:44  Zergling x6  
  72  4:50  Drone  
  72  4:51  Drone  
  74  4:53  Lair  
  74  4:54  Overlord  
  74  4:57  Overlord  
  74  4:58  Overlord  
  74  4:59  Overlord  
  74  5:04  Overlord  
  74  5:06  Evolution Chamber  
  73  5:07  Drone  
  73  5:10  Drone x2  
  73  5:12  Drone  
  73  5:13  Drone x3  
  76  5:14  Drone x2  
  76  5:16  Drone  
  76  5:18  Drone  
  76  5:19  Drone, Extractor  
  79  5:23  Drone  
  79  5:25  Drone  
  79  5:26  Drone x2  
  83  5:29  Extractor  
  83  5:30  Extractor  
  83  5:32  Extractor, Zerg Missile Weapons Level 1  
  80  5:36  Drone  
  80  5:37  Drone x5  
  86  5:44  Roach x2  
  90  5:51  Roach x4  
  90  5:55  Glial Reconstitution  
  90  5:56  Overlord  
  99  5:57  Drone  
  99  6:01  Drone  
  99  6:03  Overseer  
  100  6:05  Overseer  
  100  6:06  Roach x4  
  100  6:07  Overlord, Roach  
  100  6:08  Drone  
  100  6:10  Overlord  
  109  6:13  Overlord  
  109  6:18  Overlord  
  109  6:23  Overlord  
  109  6:28  Roach x4  
  109  6:31  Roach  
  109  6:32  Roach x3  
  122  6:39  Spire  
  121  6:40  Roach x3  
  121  6:44  Zergling x6  
  130  6:51  Hatchery  
  129  6:55  Zergling x6  
  129  6:56  Ravager  
  129  6:57  Ravager  
  134  7:01  Zergling x4  
  134  7:02  Zergling x4  
  134  7:07  Zergling x8  
  134  7:08  Zergling x2  
  142  7:14  Overlord  
  142  7:16  Drone  
  142  7:17  Drone x2  
  142  7:18  Drone  
  142  7:20  Extractor  
  145  7:23  Extractor  
  145  7:27  Zerg Melee Weapons Level 1  
  145  7:28  Drone x2  
  145  7:29  Overlord  
  145  7:37  Zergling x16  
  145  7:39  Overlord  
  145  7:40  Overlord  
  153  7:46  Drone x2  
  153  7:49  Overlord  
  155  7:57  Mutalisk x4  
  163  8:00  Mutalisk x3  
  169  8:06  Mutalisk x6  
  169  8:12  Mutalisk  
  181  8:16  Mutalisk  
  181  8:19  Drone x2  
  185  8:32  Mutalisk x3  
  190  8:34  Hatchery  
  190  8:38  Baneling Nest  
  190  8:40  Zergling x18  
  197  8:41  Drone  
  197  8:51  Overlord  
  197  8:52  Zergling x10  
  195  9:06  Zergling x10  
  195  9:09  Zergling x2  
  193  9:10  Zergling x18  
Tags
 
Add a new tag
Caveats
  • Supply blocks, unpowered buildings, or Contaminate may cause inaccurate times.
  • Supply counts are checked every 10 seconds.